 Dungeon Crawl Stone Soup version 0.31.0-32-g396128a36d (webtiles) character file.

Game seed: 15998704187823553809

14 Peloso the Covered (level 2, 27/27 HPs)
             Began as a Minotaur Fighter on Apr 24, 2024.
             Got out of the dungeon alive.
             The game lasted 00:03:52 (257 turns).

Peloso the Covered (Minotaur Fighter)                Turns: 257, Time: 00:03:52

Health: 27/27      AC:  7    Str: 20    XL:     2   Next: 27%
Magic:  1/1        EV:  9    Int:  5    God:
Gold:   4          SH:  4    Dex:  9    Spells: 1/1 levels left

rFire   . . .        a - +0 long sword
rCold   . . .        c - +0 buckler
rNeg    . . .        b - +0 scale mail
rPois   .            (helmet restricted)
rElec   .            (no cloak)
rCorr   .            (no gloves)
SInv    .            (no boots)
Will    .....        (no amulet) Stlth
                     (no ring)
HPRegen 0.24/turn    (no ring)
MPRegen 0.07/turn

%: no passive effects
@: no status effects
A: horns 2, retaliatory headbutt
a: no special abilities


You escaped.
You visited 1 branch of the dungeon, and saw 1 of its levels.

You collected 4 gold pieces.

Inventory:

Hand Weapons
 a - a +0 long sword (weapon)
Armour
 b - a +0 scale mail (worn)
 c - a +0 buckler (worn)
Scrolls
 h - a scroll of immolation
 j - a scroll of blinking
Potions
 d - a potion of might
 i - a potion of haste


   Skills:
 + Level 3.7 Fighting
 + Level 2.7 Long Blades
 + Level 4.1 Armour
 + Level 3.8 Shields


You had one spell level left.
You didn't know any spells.
Your spell library was empty.

Dungeon Overview and Level Annotations

Branches:
Dungeon (1/15)

Altars:


Innate Abilities, Weirdness & Mutations

You have a pair of horns on your head.
You reflexively headbutt those who attack you in melee.


Message History

Press ? for a list of commands and other information.
You now have 4 gold pieces.
Your extra speed is starting to run out.
You feel yourself slow down.
A giant cockroach comes into view.
You see here 6 gold pieces.
A giant cockroach is nearby!
A giant cockroach is nearby!
A giant cockroach is nearby!
A hobgoblin comes into view.
The hobgoblin shouts!
The giant cockroach barely misses you.
You closely miss the giant cockroach. The giant cockroach closely misses you.
You furiously retaliate!
You headbutt the giant cockroach.
You kill the giant cockroach!
A ball python comes into view.
The ball python hisses angrily.
You slash the hobgoblin!
You kill the hobgoblin!
You see here a hobgoblin corpse.
Welcome back, Peloso the Minotaur Fighter.
Press ? for a list of commands and other information.
You hit the ball python.
You kill the ball python!
You see here a ball python corpse.
What level of the Dungeon? (default 1, ? - help)
A frilled lizard comes into view.
You hit the frilled lizard.
The frilled lizard is heavily wounded.
You block the frilled lizard's attack.
You slash the frilled lizard!
You kill the frilled lizard!
What level of the Dungeon? (default 1, ? - help) You're already here!
What level of the Dungeon? (default 1, ? - help)
Found a stone staircase leading down.
You see here a frilled lizard corpse.
There is an open door here.
There is a staircase leading out of the dungeon here.
You have escaped!

## ## ****** ## *,,,,*
########*,,,,*
.......#*,,,,*
.......#..,,,*
.......#..,,,*
..........#***#####
..†.......#####8@8####
#.........##.........##
..........#8.........8#
.....#.####...8...8...#
#......# #8.........8#
#.....## ##.........##
#....#######.........#
..........######'#####
#...#####..........#


There were no monsters in sight!

Vanquished Creatures
  A dart slug (D:1)
  A ball python (D:1)
  2 giant cockroaches (D:1)
  2 hobgoblins (D:1)
  2 quokkas (D:1)
  2 frilled lizards (D:1)
  A rat (D:1)
11 creatures vanquished.

Notes
Turn   | Place    | Note
-------+----------+-------------------------------------------
     0 | D:1      | Peloso the Minotaur Fighter began the quest for the Orb.
     0 | D:1      | Reached XP level 1. HP: 19/19 MP: 0/0
    27 | D:1      | Found a faded altar of an unknown god.
    50 | D:1      | Reached skill level 4 in Armour
    96 | D:1      | Reached XP level 2. HP: 21/27 MP: 1/1
   257 | D:$      | Got out of the dungeon alive.

Illustrated notes

Levels and vault maps discovered:
D:1:      mrwooster_arrival_statue_3, layout_rooms,
          hellmonk_ecumenical_altar_run_dry

Skill      XL: |  1 |
---------------+----+-----
Armour         | 4 |  4.1
Fighting       | |  3.7
Long Blades    | |  2.7
Shields        | |  3.8

Action                     || total
---------------------------++-------
  Melee: Long sword        ||    20
         Headbutt          ||     3
    Use: Scroll            ||     5
         Potion            ||     2
 Armour: Scale mail        ||    14
  Dodge: Dodged            ||     9
  Block: Buckler           ||     4
